 Dungeon Crawl Stone Soup version 0.20.0-8-g6b59dc7 (webtiles) character file.

220 RKaid the Cudgeler (level 5, 0/33 HPs)
             Began as a Gargoyle Gladiator on May 31, 2017.
             Slain by Grinder (1 damage)
             ... on level 4 of the Dungeon.
             The game lasted 00:06:33 (2878 turns).

RKaid the Cudgeler (Gargoyle Gladiator)             Turns: 2878, Time: 00:06:34

Health: 0/33       AC: 12    Str: 23    XL:     5   Next: 97%
Magic:  5/5        EV: 11    Int: 12    God:
Gold:   153        SH:  0    Dex: 11    Spells: 4/4 levels left

rFire    . . .     SeeInvis .   a - +0 flail
rCold    . . .     Gourm    .   (no shield)
rNeg     + . .     Faith    .   k - +0 ring mail
rPois    ∞         Spirit   .   p - +2 helmet
rElec    +         Reflect  .   (no cloak)
rCorr    .         Harm     .   (no gloves)
MR       .....                  (no boots)
Stlth    +.........             t - amulet of regeneration {+regen}
Regen    0.6/turn               e - +3 ring of intelligence
MPRegen  0.1/turn               (no ring)

@: mighty
A: negative energy resistance 1, electricity resistance, unbreathing,
petrification resistance, rot immunity, AC +4
a: no special abilities


You were on level 4 of the Dungeon.
You were not hungry.

You visited 1 branch of the dungeon, and saw 4 of its levels.

You collected 153 gold pieces.

Inventory:

Hand Weapons
 a - a +0 flail (weapon)
 b - a +0 hunting sling
   (You found it on level 1 of the Dungeon)
Missiles
 d - a throwing net (quivered) {=f}
 j - 165 stones
 m - 58 sling bullets
Armour
 k - a +0 ring mail (worn)
   (You found it on level 1 of the Dungeon)
 p - a +2 helmet (worn)
   (You found it on level 2 of the Dungeon)
Jewellery
 e - a +3 ring of intelligence (left hand)
   (You found it on level 4 of the Dungeon)
 t - an amulet of regeneration (around neck) {+regen}
   (You found it on level 2 of the Dungeon)
Wands
 v - a wand of polymorph (14/24)
   (You found it on level 3 of the Dungeon)
 y - a wand of enslavement (24/24)
   (You found it on level 3 of the Dungeon)
Scrolls
 g - a scroll of amnesia
 h - a scroll of fear
 o - 3 scrolls of remove curse
Potions
 r - 2 potions of curing
 z - 2 potions of haste {unknown}
Comestibles
 f - a bread ration
 s - 9 fruits


   Skills:
 + Level 3.8 Fighting
 * Level 4.8 Maces & Flails
 - Level 1.7 Throwing
 + Level 2.9 Armour
 - Level 2.4 Dodging


You had 4 spell levels left.
You didn't know any spells.

Dungeon Overview and Level Annotations

Branches:
Dungeon (4/15)
 Temple: D:4-7

Altars:
Fedhas

Annotations:
D:4 Grinder


Innate Abilities, Weirdness & Mutations

You are resistant to torment.
Your stone body is resilient. (AC +4)
You are immune to poison.
You resist negative energy. (rN+)
You are resistant to electric shocks. (rElec)
You can survive without breathing.
You are immune to petrification.
You are immune to rotting.


Message History

You closely miss the hound. The hound bites you. x2
You barely miss the hound. The hound bites you but does no damage.
You hit the hound but do no damage.
You hear the brisk rusting of a distant drain.
The hound bites you but does no damage. x2
You barely miss the hound. The hound bites you. The hound closely misses you.
You sock the hound! The hound closely misses you. The ooze misses you.
The hound bites you but does no damage.
You hit the hound but do no damage. The hound bites you but does no damage.
The ooze hits you but does no damage.
You hit the hound. The hound misses you. The ooze completely misses you.
The hound closely misses you.
You closely miss the hound. The hound bites you but does no damage.
The ooze hits you but does no damage. The hound bites you but does no damage.
You sock the hound!
You kill the hound!
The ooze hits you but does no damage. x2
The ooze hits you but does no damage.
You see here a hound corpse.
You hit the ooze.
The ooze jiggles.
The ooze misses you.
You hit the ooze. The ooze hits you.
You sock the ooze!
You kill the ooze!
No target in view!
s - 9 fruits (gained 1) Marking area around Grinder as unsafe for travelling.
Grinder comes into view.
A shadow imp comes into view.
Okay, then.
Quiver which item? (- for none, * to show all) (? for menu, Esc to quit)
Quivering
d - 3 throwing nets {=f} for throwing.
Throwing (i - inventory. (,) - cycle):
d - 3 throwing nets (quivered)
{=f}
Press: ? - help, Shift-Dir - straight line, f - Grinder
Aim: Grinder You throw a throwing net {=f}.
The throwing net {=f} hits Grinder.
Grinder is caught in the net!
The shadow imp shouts!
Grinder struggles against the net.
A worm comes into view.
Grinder struggles against the net.
A worm comes into view.
The shadow imp summons a swarm of flies.
Grinder gestures at you.
You suddenly lose the ability to move!
Grinder struggles against the net.
You hear the brisk rusting of a drain.
The worm moves out of view.
The shadow imp gestures at you. Pain shoots through your body!
Grinder blinks!
You can move again.
You closely miss the shadow imp. The shadow imp completely misses you.
The shadow imp hits you.
There are monsters nearby!
The shadow imp hits you but does no damage.
It was a potion of might.
You feel very mighty all of a sudden.
Grinder says, "My boss said I was rubbish.
His entrails said otherwise."
Grinder hits you but does no damage.
You sock Grinder! Grinder hits you but does no damage.
You completely miss Grinder. Grinder closely misses you.
You sock Grinder! Grinder hits you.
You writhe in agony.
Your ring mail prevents you from hitting Grinder.
Grinder gestures at you.
You suddenly lose the ability to move!
Grinder hits you.
You writhe in agony.
Grinder gestures at you. You resist with significant effort.
Grinder gestures at you. You resist with significant effort.
Grinder hits you but does no damage.
You can move again.
You barely miss Grinder. Grinder hits you!
You writhe in agony.
You closely miss Grinder. Grinder hits you but does no damage.
You barely miss Grinder. Grinder barely misses you.
Throwing (i - inventory. (,) - cycle):
d - 2 throwing nets (quivered)
{=f}
Press: ? - help, Shift-Dir - straight line, f/p - Grinder
Aim: Grinder (heavily wounded)
You throw a throwing net {=f}. The throwing net {=f} hits Grinder.
Grinder is caught in the net!
Grinder gestures at you.
You suddenly lose the ability to move!
Grinder struggles against the net.
Grinder struggles against the net. x4
The net rips apart, and Grinder comes free!
You can move again.
You closely miss Grinder. Grinder misses you.
You closely miss Grinder. Grinder barely misses you.
You closely miss Grinder. Grinder hits you.
You writhe in agony.
You sock Grinder! Grinder gestures at you. Pain shoots through your body!
You closely miss Grinder. Grinder hits you.
* * * LOW HITPOINT WARNING * * *
You writhe in agony.
* * * LOW HITPOINT WARNING * * *
You barely miss Grinder. Grinder hits you.
* * * LOW HITPOINT WARNING * * *
You writhe in agony.
* * * LOW HITPOINT WARNING * * *
Grinder hits you.
You die...

#..##.##..#..# #
#..##.###.#..#
#.#.....###....#
#..............#
#..#†#######..####
#.........?......#
###..########.####
#..# #.# ..># #@#
##### #5##
######5w###
#......w...#
#.###..#...###
#.$....≈##
#.....≈≈##
#...#≈≈### #...
≈≈#


You could see Grinder, 2 worms and a shadow imp.

Vanquished Creatures
  A hound (D:4)
  2 orc priests
  4 adders
  An ooze (D:4)
  3 worms
  5 orcs
  5 ball pythons
  10 bats
  6 giant cockroaches
  8 goblins
  7 hobgoblins
  6 jackals
  2 frilled lizards
  8 kobolds
  10 rats
78 creatures vanquished.

Notes
Turn   | Place    | Note
-------+----------+-------------------------------------------
     0 | D:1      | RKaid the Gargoyle Gladiator began the quest for the Orb.
     0 | D:1      | Reached XP level 1. HP: 12/12 MP: 1/1
   116 | D:1      | Reached XP level 2. HP: 17/18 MP: 2/2
   571 | D:1      | Reached XP level 3. HP: 20/22 MP: 3/3
   628 | D:1      | Reached skill level 1 in Armour
  1347 | D:2      | Reached skill level 4 in Maces & Flails
  1399 | D:2      | Found a blossoming altar of Fedhas.
  1410 | D:2      | Reached XP level 4. HP: 23/27 MP: 4/4
  1459 | D:2      | Reached skill level 3 in Fighting
  2044 | D:3      | Reached skill level 2 in Armour
  2199 | D:3      | Reached XP level 5. HP: 15/32 MP: 5/5
  2449 | D:3      | You fall through a shaft!
  2842 | D:4      | Noticed Grinder
  2846 | D:4      | Paralysed by Grinder for 3 turns
  2860 | D:4      | Paralysed by Grinder for 4 turns
  2867 | D:4      | Paralysed by Grinder for 5 turns
  2877 | D:4      | HP: 6/33 [Grinder (3)]
  2878 | D:4      | HP: 1/33 [Grinder (3)]
  2878 | D:4      | Slain by Grinder

Skill      XL: |  1  2  3  4 |
---------------+-------------+-----
Armour         | 1 2 |  2.9
Maces & Flails | 4 |  4.8
Fighting       | 3 |  3.8
Throwing       | |  1.7
Dodging        | |  2.4

Action                   |  1- 3 |  4- 6 || total
-------------------------+-------+-------++-------
Melee: Flail             |   143 |   174 ||   317
 Fire: Hunting sling     |     8 |       ||     8
Throw: Throwing net      |       |     2 ||     2
  Use: Scroll            |       |    11 ||    11
       Potion            |       |     1 ||     1
  Eat: Chunk             |     2 |     3 ||     5
       Royal jelly       |       |     1 ||     1
Armor: Leather armour    |    10 |       ||    10
       Ring mail         |    66 |   117 ||   183
Dodge: Dodged            |   116 |   147 ||   263

Table legend:
 A = Turns spent in this place as a percentage of turns spent in the entire game.
 B = Non-inter-level travel turns spent in this place as a percentage of non-inter-level travel turns spent in the entire game.
 C = Inter-level travel turns spent in this place as a percentage of turns spent in this place.
 D = Turns resting spent in this place as a percentage of non-inter-level travel turns spent in this place.
 E = Turns spent auto-exploring this place as a percentage of non-inter-level travel turns spent in this place.
 F = Non-inter-level travel turns spent in this place divided by the number of levels of this place that you've seen.
                   A       B       C       D       E      F
               +-------+-------+-------+-------+-------+----------------------
         Total | 100.0 | 100.0 |   0.2 |   1.0 |   8.7 | 239.0
       Dungeon | 100.0 | 100.0 |   0.2 |   1.0 |   8.7 | 239.0
               +-------+-------+-------+-------+-------+----------------------

Table legend:
 A = Kills in this place as a percentage of kills in entire the game.
 B = Kills by you in this place as a percentage of kills by you in the entire game.
 C = Kills by friends in this place as a percentage of kills by friends in the entire game.
 D = Other kills in this place as a percentage of other kills in the entire game.
 E = Experience gained in this place as a percentage of experience gained in the entire game.
 F = Experience gained in this place divided by the number of levels of this place that you have seen.
                   A       B       C       D       E      F
               +-------+-------+-------+-------+-------+----------------------
         Total | 100.0 | 100.0 |  -nan |  -nan | 100.0 |  78.8
       Dungeon | 100.0 | 100.0 |  -nan |  -nan | 100.0 |  78.8
               +-------+-------+-------+-------+-------+----------------------
